[Event "EYCC 2017"]
[Site "Mamaia"]
[Date "2017.09.09"]
[Round "5"]
[White "Bjerre, Jonas Buhl"]
[Black "Mis, Mieszko"]
[Result "1/2-1/2"]
[ECO "C91"]
[WhiteElo "2348"]
[BlackElo "2245"]
[Annotator "NA"]
[PlyCount "43"]
[EventDate "2017.??.??"]
[EventType "swiss"]
[EventCountry "ROU"]
[SourceTitle "playchess.com"]
[Source "ChessBase"]
[SourceQuality "1"]
[TimeControl "40/5400+30:1800+30"]

1. e4 e5 2. Nf3 Nc6 3. Bb5 a6 4. Ba4 Nf6 5. O-O Be7 6. Re1 b5 7. Bb3 O-O 8. d4 d6 9. c3 Bg4 10. Be3 exd4 11. cxd4 Na5 12. Bc2 c5 13. Nbd2 cxd4 14. Bxd4 Nc6 15. Be3 d5 16. h3 Bh5 17. Bf4 Bxf3 18. Nxf3 Nxe4 19. Bxe4 dxe4 20. Rxe4 Bf6 21. Re2 Qxd1+ 22. Rxd1 1/2-1/2

[Event "EYCC 2017"]
[Site "Mamaia"]
[Date "2017.09.09"]
[Round "5"]
[White "Gavrilescu, David"]
[Black "Remizov, Yaroslav"]
[Result "1/2-1/2"]
[ECO "B10"]
[WhiteElo "2346"]
[BlackElo "2146"]
[Annotator "NA"]
[PlyCount "41"]
[EventDate "2017.??.??"]
[EventType "swiss"]
[EventCountry "ROU"]
[SourceTitle "playchess.com"]
[Source "ChessBase"]
[SourceQuality "1"]
[TimeControl "40/5400+30:1800+30"]

1. e4 c6 2. Nc3 d5 3. Nf3 Nf6 4. e5 Ne4 5. Ne2 Bf5 6. d3 Nc5 7. Ng3 Bg6 8. c3 e6 9. Be2 Be7 10. O-O O-O 11. Be3 Ncd7 12. c4 dxc4 13. dxc4 Qc7 14. Bf4 Rd8 15. Qc1 a5 16. Rd1 Na6 17. h4 Ndc5 18. Qe3 Nb4 19. Ne1 Rxd1 20. Rxd1 Rd8 21. h5 1/2-1/2

[Event "EYCC 2017"]
[Site "Mamaia"]
[Date "2017.09.09"]
[Round "5"]
[White "Badelka, Olga"]
[Black "Maltsevskaya, Aleksandra"]
[Result "1-0"]
[ECO "B13"]
[WhiteElo "2335"]
[BlackElo "2271"]
[Annotator "NA"]
[PlyCount "45"]
[EventDate "2017.??.??"]
[EventType "swiss"]
[EventCountry "ROU"]
[SourceTitle "playchess.com"]
[Source "ChessBase"]
[SourceQuality "1"]
[TimeControl "40/5400+30:1800+30"]

1. c4 c6 2. e4 d5 3. exd5 cxd5 4. d4 Nf6 5. Nc3 Nc6 6. Bg5 Be6 7. Be2 g6 8. Bf3 Qb6 9. Bxf6 exf6 10. cxd5 Nxd4 $18 ({Much worse is} 10... Qxb2 11. Nge2 $18) 11. dxe6 Qxb2 12. Qa4+ b5 13. Qxd4 Qxa1+ 14. Ke2 Qb2+ 15. Kd3 fxe6 16. Bxa8 Kf7 17. Nf3 b4 18. Nb5 Qxd4+ 19. Nbxd4 Bh6 20. Bc6 e5 21. Nb3 Rc8 22. Na5 e4+ 23. Kxe4 1-0

[Event "EYCC 2017"]
[Site "Mamaia"]
[Date "2017.09.09"]
[Round "5"]
[White "Schitco, Ivan"]
[Black "Velkovski, Kristijan"]
[Result "1/2-1/2"]
[ECO "D35"]
[WhiteElo "2325"]
[BlackElo "1814"]
[Annotator "NA"]
[PlyCount "77"]
[EventDate "2017.??.??"]
[EventType "swiss"]
[EventCountry "ROU"]
[SourceTitle "playchess.com"]
[Source "ChessBase"]
[SourceQuality "1"]
[TimeControl "40/5400+30:1800+30"]

1. d4 d5 2. c4 e6 3. Nc3 Nf6 4. cxd5 exd5 5. Bg5 Be7 6. e3 c6 7. Bd3 Be6 8. Nf3 Nbd7 9. O-O O-O 10. Qc2 h6 11. Bh4 Rc8 12. h3 c5 13. Rfd1 c4 14. Bf5 Qb6 15. Ne5 Rfe8 16. Rab1 Bxf5 17. Qxf5 Qe6 18. Qxe6 fxe6 19. Nxd7 Nxd7 20. Bxe7 Rxe7 21. b3 a6 22. a4 Nf6 23. b4 b6 24. f3 Kf7 25. e4 Rd8 26. e5 Nh5 27. Ne2 g5 28. g3 Kg6 29. Kf2 Rf8 30. Ke3 Ref7 31. Rf1 Kh7 32. Rf2 Rg8 33. Rc1 Rgf8 34. Rd1 Rg8 35. Re1 Rgf8 36. Ref1 Kh8 37. Rh1 Kh7 38. Rc1 Rg8 39. Rc3 1/2-1/2

[Event "EYCC 2017"]
[Site "Mamaia"]
[Date "2017.09.09"]
[Round "5"]
[White "Antova, Gabriela"]
[Black "Zotova, Anastasia"]
[Result "1/2-1/2"]
[ECO "D70"]
[WhiteElo "2256"]
[BlackElo "2009"]
[Annotator "NA"]
[PlyCount "44"]
[EventDate "2017.??.??"]
[EventType "swiss"]
[EventCountry "ROU"]
[SourceTitle "playchess.com"]
[Source "ChessBase"]
[SourceQuality "1"]
[TimeControl "40/5400+30:1800+30"]

1. d4 Nf6 2. c4 g6 3. Nf3 Bg7 4. g3 c5 5. Bg2 Qa5+ 6. Bd2 Qb6 7. dxc5 Qxc5 8. Qb3 Ne4 9. Be3 Qa5+ 10. Nbd2 Nc5 11. Qc2 Nc6 12. O-O d6 13. Nb3 Nxb3 14. Qxb3 O-O 15. a3 Rb8 16. Rac1 b5 $11 17. c5 Be6 18. Qc2 Bf5 19. Qb3 Be6 20. Qc2 Bf5 21. Qb3 Be6 22. Qc2 Bf5 1/2-1/2

[Event "EYCC 2017"]
[Site "Mamaia"]
[Date "2017.09.09"]
[Round "5"]
[White "Georgescu, Lena"]
[Black "Posuniak, Weronika"]
[Result "1-0"]
[ECO "B06"]
[WhiteElo "2246"]
[BlackElo "1856"]
[Annotator "NA"]
[PlyCount "49"]
[EventDate "2017.??.??"]
[EventType "swiss"]
[EventCountry "ROU"]
[SourceTitle "playchess.com"]
[Source "ChessBase"]
[SourceQuality "1"]
[TimeControl "40/5400+30:1800+30"]

1. e4 g6 2. d4 Bg7 3. Nc3 d5 4. Nf3 Bg4 5. Nxd5 c6 6. Nc3 Bxf3 7. Qxf3 Qxd4 8. Be2 Nd7 9. O-O Ngf6 10. Rd1 Qb6 11. Be3 Qxb2 12. Bd4 e5 13. Nb5 exd4 14. Rab1 Qxc2 15. Nc7+ Ke7 16. Nxa8 Rxa8 17. Rxb7 Qxe4 18. Qa3+ Ke8 19. Bf3 Qe6 20. Kf1 Bf8 21. Qa4 Ne5 22. Re1 Be7 23. Qxd4 Nfd7 24. Rxd7 Kf8 25. Qxe5 1-0

[Event "EYCC 2017"]
[Site "Mamaia"]
[Date "2017.09.09"]
[Round "5"]
[White "Can, Isik"]
[Black "Lazavik, Denis"]
[Result "1-0"]
[ECO "C68"]
[WhiteElo "2239"]
[BlackElo "1989"]
[Annotator "NA"]
[PlyCount "135"]
[EventDate "2017.??.??"]
[EventType "swiss"]
[EventCountry "ROU"]
[SourceTitle "playchess.com"]
[Source "ChessBase"]
[SourceQuality "1"]
[TimeControl "40/5400+30:1800+30"]

1. e4 e5 2. Nf3 Nc6 3. Bb5 a6 4. Bxc6 dxc6 5. O-O Bg4 6. h3 h5 7. d3 Qf6 8. Nbd2 Ne7 9. Re1 Ng6 10. d4 Bd6 11. hxg4 hxg4 12. Nh2 Rxh2 13. Qxg4 Qh4 14. Qxh4 Rxh4 15. Nf3 Rh5 16. Be3 O-O-O 17. g3 exd4 18. Bxd4 f6 19. Kg2 c5 20. Bc3 c4 21. a4 Rhh8 {[%emt 0:09:14] [#]} ({Black should try} 21... Rdh8 $11) 22. a5 $1 Be5 $16 23. Nxe5 Nxe5 24. f3 Nf7 25. Ra4 Nd6 26. f4 Rh5 27. e5 fxe5 28. fxe5 Nb5 29. Rxc4 Re8 30. g4 Rg5 31. Kg3 Nxc3 32. Kf4 Rg6 33. Rxc3 Rf8+ 34. Kg3 Re6 35. Rc5 g5 36. Re3 Rfe8 37. Kf3 Rf8+ 38. Kg3 Rfe8 39. Kf2 c6 40. Ke2 Kd7 41. Kd3 Rf8 42. Rc4 Kc7 43. Rce4 Rd8+ 44. Kc4 Rde8 45. Kc5 Rd8 46. c4 Rde8 47. b4 R8e7 48. Rf3 Rxe5+ 49. Rxe5 Rxe5+ 50. Kd4 Re7 51. Rf5 Rd7+ 52. Kc5 Rg7 53. Rf6 Re7 54. Rg6 Re5+ 55. Kd4 Re7 56. Rxg5 b6 57. axb6+ Kxb6 58. Re5 Rd7+ 59. Ke4 Rd1 60. g5 Re1+ 61. Kf5 Rf1+ 62. Ke6 c5 63. Rxc5 Rb1 64. g6 Rxb4 65. Rc8 Rb1 66. g7 Re1+ 67. Kd5 Rd1+ 68. Ke4 1-0

[Event "EYCC 2017"]
[Site "Mamaia"]
[Date "2017.09.09"]
[Round "5"]
[White "Morgunov, Marc"]
[Black "Dudek, Vojtech"]
[Result "1-0"]
[ECO "B52"]
[WhiteElo "2199"]
[BlackElo "1951"]
[Annotator "NA"]
[PlyCount "67"]
[EventDate "2017.??.??"]
[EventType "swiss"]
[EventCountry "ROU"]
[SourceTitle "playchess.com"]
[Source "ChessBase"]
[SourceQuality "1"]
[TimeControl "40/5400+30:1800+30"]

1. e4 c5 2. Nf3 d6 3. Bb5+ Bd7 4. Bxd7+ Qxd7 5. O-O Nc6 6. c3 Nf6 7. Qe2 e6 8. d4 cxd4 9. cxd4 Be7 10. Nc3 O-O 11. d5 Ne5 12. dxe6 Nxf3+ 13. Qxf3 fxe6 14. Qd3 Ng4 15. Qg3 Ne5 16. Rd1 Ng6 17. Be3 Rad8 18. a4 Bh4 19. Qh3 Bf6 20. Nb5 Qe7 21. Rac1 Bxb2 22. Rc7 Qf6 23. Rxb7 a6 24. Nc7 Rd7 25. Nd5 Qf7 26. Rxb2 exd5 27. exd5 Ne5 28. Rc2 Re8 29. Qh4 Qf5 30. Rc3 Ng4 31. Bb6 Rde7 32. f3 Qxd5 33. Rcc1 Qb3 34. Rb1 1-0

[Event "EYCC 2017"]
[Site "Mamaia"]
[Date "2017.09.09"]
[Round "5"]
[White "Antonica, Dragos-Andrei"]
[Black "Luczak, Filip"]
[Result "0-1"]
[ECO "A48"]
[WhiteElo "2188"]
[BlackElo "1866"]
[Annotator "NA"]
[PlyCount "78"]
[EventDate "2017.??.??"]
[EventType "swiss"]
[EventCountry "ROU"]
[SourceTitle "playchess.com"]
[Source "ChessBase"]
[SourceQuality "1"]
[TimeControl "40/5400+30:1800+30"]

1. d4 Nf6 2. Nf3 g6 3. c4 Bg7 4. Nc3 d6 5. h3 Na6 6. e4 O-O 7. Be3 c5 8. d5 {LiveBook: 48 Games} Qa5 9. Qd2 $14 Nc7 10. Bd3 a6 11. O-O b5 12. e5 Nd7 13. exd6 exd6 14. Bh6 bxc4 15. Bxg7 Kxg7 16. Bxc4 Nb6 17. Bb3 Bf5 18. g4 Bd7 19. Qf4 Nb5 20. Ne4 c4 21. Nf6 Nxd5 22. Nxd5 f5 23. g5 cxb3 24. Nf6 Bc6 25. axb3 Qd8 26. Qh4 h5 27. Nd4 Qb6 28. Ne6+ Kf7 29. Nxf8 Nd4 30. Qg3 Ne2+ 31. Kh2 Nxg3 32. fxg3 Qxb3 33. Rf2 Rxf8 34. Rc1 Qb6 35. Rfc2 Be4 36. Nd7 Qb5 37. Nxf8 Bxc2 38. Rxc2 Kxf8 39. Rc8+ Kf7 0-1

[Event "EYCC 2017"]
[Site "Mamaia"]
[Date "2017.09.09"]
[Round "5"]
[White "Kanakova, Natalie"]
[Black "Janiashvili, Mariami"]
[Result "0-1"]
[ECO "C10"]
[WhiteElo "2186"]
[BlackElo "1875"]
[Annotator "NA"]
[PlyCount "108"]
[EventDate "2017.??.??"]
[EventType "swiss"]
[EventCountry "ROU"]
[SourceTitle "playchess.com"]
[Source "ChessBase"]
[SourceQuality "1"]
[TimeControl "40/5400+30:1800+30"]

1. e4 e6 2. d4 d5 3. Nc3 dxe4 4. Nxe4 Bd7 5. Nf3 Bc6 6. Bd3 Nd7 7. O-O Ngf6 8. Qe2 Nxe4 9. Bxe4 Bxe4 10. Qxe4 c6 11. c4 Nf6 12. Qe2 Be7 13. Bd2 O-O {[%emt 0:05:22] C10: French with 3 Nc3: Unusual Black 3rd moves and 3...dxe4} 14. Bc3 (14. Rad1 Qb6 15. Bc1 a5 16. d5 cxd5 17. cxd5 Ra6 18. Rd3 Qb5 19. dxe6 Rxe6 20. Qd1 Re4 21. Rb3 {½-½ (33) Lagerman,R (2347)-Bromann,T (2434) Reykjavik 2010}) 14... Qc7 15. Rad1 Rad8 16. Ne5 Nd7 $146 ({Predecessor:} 16... c5 17. dxc5 Bxc5 18. b4 Be7 19. a3 Rxd1 20. Rxd1 Rc8 21. c5 Nd5 22. Bb2 a5 23. Nd3 b6 {0-1 (23) Tripp,G-Brousek,J ICCF email 2001}) 17. Ng4 Qf4 18. Bd2 Qf5 19. Ne3 Qg6 20. f4 Qe4 21. Qf2 Bf6 22. Bc3 c5 23. Ng4 Bxd4 24. Bxd4 cxd4 25. Rxd4 Qf5 26. Ne3 Qf6 27. Rfd1 Nb6 28. Ng4 Qe7 29. b3 Nc8 30. R1d3 $14 a5 31. Kf1 Rxd4 32. Qxd4 Qh4 33. Nf2 Ne7 34. Qd8 g6 35. g3 Qf6 36. Qxa5 Nc6 37. Qd2 Ra8 38. a4 Ra5 39. Ng4 Qa1+ 40. Kg2 h5 41. Nf2 h4 42. g4 Ra8 43. Rd7 Qb1 44. Qd3 Qc1 45. Qd2 Qb1 46. f5 h3+ 47. Kxh3 Qf1+ 48. Kg3 Qg1+ 49. Kf4 Qxh2+ 50. Kg5 Ne5 51. Rd8+ Rxd8 52. Qxd8+ Kh7 53. fxg6+ Nxg6 54. Nh3 Qe5# {[%emt 0:00:34] Ng1} 0-1

[Event "EYCC 2017"]
[Site "Mamaia"]
[Date "2017.09.09"]
[Round "5"]
[White "Olde, Margareth"]
[Black "Asatryan, Sona"]
[Result "0-1"]
[ECO "E18"]
[WhiteElo "2161"]
[BlackElo "2043"]
[Annotator "NA"]
[PlyCount "74"]
[EventDate "2017.??.??"]
[EventType "swiss"]
[EventCountry "ROU"]
[SourceTitle "playchess.com"]
[Source "ChessBase"]
[SourceQuality "1"]
[TimeControl "40/5400+30:1800+30"]

1. d4 Nf6 2. c4 e6 3. Nf3 b6 4. g3 Bb7 5. Bg2 Be7 6. O-O O-O 7. Nc3 Ne4 8. Bd2 d5 9. cxd5 exd5 10. Rc1 Nd7 11. Nxe4 dxe4 12. Ne5 c5 13. Qc2 Rc8 14. Nxd7 Qxd7 15. Bxe4 Bxe4 16. Qxe4 Bf6 17. Be3 Rfe8 18. Qd3 cxd4 19. Rxc8 Qxc8 20. Rc1 Qg4 21. Qc4 h5 22. f3 Qe6 23. Bf2 Qxe2 24. b3 Qxf3 25. Rc2 d3 26. Rd2 Re2 27. Rxe2 dxe2 28. Qc1 Bc3 29. h4 e1=Q+ 30. Bxe1 Bd4+ 31. Kh2 Qe2+ 32. Bf2 Qxf2+ 33. Kh3 g6 34. a4 Kg7 35. b4 Be5 36. Qa3 Qf1+ 37. Kh2 Bd4 0-1

[Event "EYCC 2017"]
[Site "Mamaia"]
[Date "2017.09.09"]
[Round "5"]
[White "Kirillov, Dmitry"]
[Black "Lopez Varela, Pablo"]
[Result "1-0"]
[ECO "C41"]
[WhiteElo "2137"]
[BlackElo "1951"]
[Annotator "NA"]
[PlyCount "45"]
[EventDate "2017.??.??"]
[EventType "swiss"]
[EventCountry "ROU"]
[SourceTitle "playchess.com"]
[Source "ChessBase"]
[SourceQuality "1"]
[TimeControl "40/5400+30:1800+30"]

1. e4 e5 2. Nf3 d6 3. d4 exd4 4. Nxd4 Nf6 5. Nc3 Be7 6. Bf4 O-O 7. Qd2 a6 8. O-O-O b5 9. f3 b4 10. Nd5 Nxd5 11. exd5 a5 12. g4 Bb7 13. Nf5 Bf6 14. g5 Be5 15. Be3 Qd7 16. Bh3 Qa4 17. Kb1 Ba6 18. Bd4 c5 19. Bxe5 dxe5 20. g6 fxg6 21. Nd6 Rf4 22. Qe3 Nd7 23. b3 1-0

[Event "EYCC 2017"]
[Site "Mamaia"]
[Date "2017.09.09"]
[Round "5"]
[White "Muetsch, Annmarie"]
[Black "Goltseva, Ekaterina"]
[Result "1/2-1/2"]
[ECO "C06"]
[WhiteElo "2137"]
[BlackElo "2214"]
[Annotator "NA"]
[PlyCount "79"]
[EventDate "2017.??.??"]
[EventType "swiss"]
[EventCountry "ROU"]
[SourceTitle "playchess.com"]
[Source "ChessBase"]
[SourceQuality "1"]
[TimeControl "40/5400+30:1800+30"]

1. e4 e6 2. d4 d5 3. Nd2 Nf6 4. e5 Nfd7 5. Bd3 c5 6. c3 Nc6 7. Ne2 cxd4 8. cxd4 f6 9. exf6 Nxf6 10. O-O Bd6 11. Nf3 O-O 12. Bf4 Bxf4 13. Nxf4 Ng4 14. g3 g5 15. Ng2 Qf6 16. Be2 Nh6 17. Ne3 g4 18. Nh4 Qxd4 19. Qxd4 Nxd4 20. Bxg4 Nc6 21. Bd1 Bd7 22. f4 Rad8 23. Bf3 Nf7 24. Rad1 Bc8 25. Rfe1 Nd6 26. Nc2 Rf7 27. Nd4 Nxd4 28. Rxd4 Rc7 29. f5 Nxf5 30. Nxf5 exf5 31. Rxd5 Rxd5 32. Bxd5+ Kf8 33. Bb3 b6 34. Kf2 Kg7 35. Re2 Kf6 36. Rc2 Rxc2+ 37. Bxc2 Ke5 38. Ke3 Be6 39. a3 h6 40. Bd1 1/2-1/2

[Event "EYCC 2017"]
[Site "Mamaia"]
[Date "2017.09.09"]
[Round "5"]
[White "Gombocz, Ferenc Jr"]
[Black "Oglaza, Oskar"]
[Result "0-1"]
[ECO "A80"]
[WhiteElo "2106"]
[BlackElo "2198"]
[Annotator "NA"]
[PlyCount "68"]
[EventDate "2017.??.??"]
[EventType "swiss"]
[EventCountry "ROU"]
[SourceTitle "playchess.com"]
[Source "ChessBase"]
[SourceQuality "1"]
[TimeControl "40/5400+30:1800+30"]

1. d4 f5 2. Bg5 h6 3. Bh4 g5 4. e4 Bg7 5. Bg3 fxe4 6. h4 c5 7. hxg5 cxd4 8. Bc4 Qa5+ 9. Qd2 Qb6 10. Qf4 Qa5+ 11. Qd2 Qb6 12. Qf4 Qa5+ 13. b4 Qxb4+ 14. Nd2 Qc3 15. Rb1 e6 16. Qxe4 Ne7 17. Bd6 Qa5 18. Rxb7 Bxb7 19. Qxb7 Qb6 20. Qxa8 Qxd6 21. Qxa7 Nbc6 22. Qa8+ Kf7 23. g6+ Nxg6 24. Qa4 Rb8 25. Ne2 Nge5 26. Bb3 d3 27. Ng3 Rb4 28. Qa6 dxc2 29. Bxc2 Rb2 30. Nge4 Qd4 31. Qa4 Nb4 32. Bb3 Ned3+ 33. Kf1 Rxd2 34. Rh4 Rxf2+ 0-1

[Event "EYCC 2017"]
[Site "Mamaia"]
[Date "2017.09.09"]
[Round "5"]
[White "Eizaguerri Floris, Maria"]
[Black "Berdnyk, Mariia"]
[Result "0-1"]
[ECO "B22"]
[WhiteElo "2098"]
[BlackElo "2055"]
[Annotator "NA"]
[PlyCount "84"]
[EventDate "2017.??.??"]
[EventType "swiss"]
[EventCountry "ROU"]
[SourceTitle "playchess.com"]
[Source "ChessBase"]
[SourceQuality "1"]
[TimeControl "40/5400+30:1800+30"]

1. e4 c5 2. c3 d5 3. exd5 Qxd5 4. Na3 e5 5. Nf3 Nc6 6. Bc4 Qd8 7. O-O Bd6 8. Re1 Nf6 9. d4 cxd4 10. cxd4 e4 11. Bg5 O-O 12. Rxe4 Bf5 13. Re1 h6 14. Bh4 Bg4 15. Nc2 Rc8 16. Bf1 Bb4 17. Re3 g5 18. Bg3 Nd5 19. Nxb4 Ncxb4 20. Rb3 Bf5 21. Ne1 Re8 22. Qd2 Nc2 23. Rd1 Nxe1 24. Rxe1 Rc2 25. Qd1 Rxe1 26. Qxe1 Qc8 27. Qe5 Be6 28. Qb8 Qxb8 29. Bxb8 Rc1 30. f3 f5 31. Kf2 Rc2+ 32. Ke1 f4 33. Rxb7 Ne3 34. Be2 Nxg2+ 35. Kd1 Ne3+ 36. Ke1 Ng2+ 37. Kd1 Ne3+ 38. Ke1 Bd5 39. Rxa7 Rxb2 40. Be5 g4 41. Bxf4 Ng2+ 42. Kf2 Nxf4 0-1

[Event "EYCC 2017"]
[Site "Mamaia"]
[Date "2017.09.09"]
[Round "5"]
[White "Tadic, Stefan"]
[Black "Mitusov, Semen"]
[Result "1-0"]
[ECO "C48"]
[WhiteElo "2074"]
[BlackElo "1917"]
[Annotator "NA RC"]
[PlyCount "193"]
[EventDate "2017.??.??"]
[EventType "swiss"]
[EventCountry "ROU"]
[SourceTitle "playchess.com"]
[Source "ChessBase"]
[SourceQuality "1"]
[TimeControl "40/5400+30:1800+30"]

1. e4 e5 2. Nf3 Nc6 3. Nc3 Nf6 4. Bb5 Bc5 5. O-O d6 6. d4 exd4 7. Nxd4 Bd7 8. Nf5 O-O 9. Bg5 a6 10. Ba4 Be6 11. Bxc6 bxc6 12. Qf3 Bxf5 13. Qxf5 Re8 14. Qf3 Bd4 15. Rfe1 Qd7 16. Qd3 Bxc3 17. bxc3 Qe6 18. f3 Nd7 19. Bh4 Ne5 20. Qd4 c5 21. Qa4 Qc4 22. Qa5 Rac8 23. Rab1 Nc6 24. Qa3 Rb8 25. Bf2 a5 26. Red1 h6 27. h3 a4 28. Be1 Kh7 29. Bf2 Ne5 30. Rb2 Rxb2 31. Qxb2 Re6 32. Re1 Rg6 33. Kh2 Qe6 34. f4 Ng4+ 35. hxg4 Qxg4 36. g3 Qf3 37. Kg1 h5 38. Qc1 h4 39. Qd1 Qxc3 40. Re3 Qc4 41. a3 hxg3 42. Bxg3 Re6 43. e5 dxe5 44. fxe5 Qd4 45. Qd3+ Kg8 46. Bf2 Qa1+ 47. Re1 Qb2 48. Qd8+ Kh7 49. Qh4+ Kg8 50. Qxa4 Rxe5 51. Rd1 Rg5+ 52. Kf1 Qf6 53. Qe8+ Kh7 54. Qe4+ g6 55. a4 Rf5 56. Qe3 Qa6+ 57. Kg2 Qc6+ 58. Kg3 Qxa4 59. Rh1+ Kg8 60. Rh4 Qc6 61. Qe4 Qd6+ 62. Kh3 Kg7 63. Bg3 Qd7 64. Kh2 f6 65. Qe3 g5 66. Re4 Kg6 67. Re7 Qa4 68. Qd3 Qd4 69. Qe2 Rd5 70. Qf3 c6 71. Re6 Rf5 72. Qxc6 Qd2+ 73. Qg2 Qxg2+ 74. Kxg2 Rd5 75. Rd6 Rf5 76. Rc6 g4 77. Bf2 Rd5 78. Rxc5 Rd2 79. Kg3 f5 80. Rc6+ Kf7 81. Be3 Re2 82. Bf4 Re1 83. Bg5 Rg1+ 84. Kf2 Rh1 85. Kg2 Rh5 86. Bf4 Rh3 87. Bg3 Rh8 88. Be5 Re8 89. Rf6+ Ke7 90. Rxf5 Ke6 91. Rf2 Rc8 92. Re2 Kd5 93. Kg3 Re8 94. Rd2+ Kc4 95. Bd4 Re4 96. c3 Kb3 97. Rf2 1-0

[Event "EYCC 2017"]
[Site "Mamaia"]
[Date "2017.09.09"]
[Round "5"]
[White "Limanovska, Elizabete"]
[Black "Sucikova, Svetlana"]
[Result "0-1"]
[ECO "B10"]
[WhiteElo "2071"]
[BlackElo "2055"]
[Annotator "NA"]
[PlyCount "66"]
[EventDate "2017.??.??"]
[EventType "swiss"]
[EventCountry "ROU"]
[SourceTitle "playchess.com"]
[Source "ChessBase"]
[SourceQuality "1"]
[TimeControl "40/5400+30:1800+30"]

1. e4 c6 2. d3 d5 3. Nd2 dxe4 4. dxe4 e5 5. Ngf3 Qc7 6. Bc4 Bg4 7. a4 Nf6 8. O-O Nbd7 9. Re1 a5 10. c3 Bc5 11. h3 Bh5 12. Nf1 Rd8 13. Qe2 O-O 14. Ng3 Bg6 15. Nh4 Kh8 16. Bg5 h6 17. Bd2 Nb6 18. Nxg6+ fxg6 19. Be3 Bxe3 20. fxe3 Nxc4 21. Qxc4 Rd2 22. Qb3 Rfd8 23. Nf1 R2d7 24. Qc4 Qd6 25. Rad1 Qxd1 26. Rxd1 Rxd1 27. Kh2 Rb1 28. b4 axb4 29. cxb4 Rdd1 30. Ng3 Rd2 31. Qf7 Rbb2 32. Qxg6 Rxg2+ 33. Kh1 Rgc2 0-1

[Event "EYCC 2017"]
[Site "Mamaia"]
[Date "2017.09.09"]
[Round "5"]
[White "Shpanko, Nadiia"]
[Black "Schneider, Jana"]
[Result "1/2-1/2"]
[ECO "C11"]
[WhiteElo "2065"]
[BlackElo "2231"]
[Annotator "NA"]
[PlyCount "57"]
[EventDate "2017.??.??"]
[EventType "swiss"]
[EventCountry "ROU"]
[SourceTitle "playchess.com"]
[Source "ChessBase"]
[SourceQuality "1"]
[TimeControl "40/5400+30:1800+30"]

1. e4 e6 2. d4 d5 3. Nc3 Nf6 4. e5 Nfd7 5. f4 c5 6. Nf3 Be7 7. Be3 Nc6 8. Qd2 O-O 9. Nd1 cxd4 10. Nxd4 Nc5 11. Nf2 f5 12. exf6 gxf6 13. c3 Nxd4 14. Bxd4 Qc7 15. Be2 Bd7 16. O-O Ne4 17. Nxe4 dxe4 18. Qe3 Bc6 19. Qh3 Bd7 20. Qe3 Bc6 21. Qh3 Bd7 22. Bg4 Qc6 23. Kh1 f5 24. Qg3 fxg4 25. Qxg4+ Kf7 26. Qh5+ Kg8 27. Qg4+ Kf7 28. Qh5+ Kg8 29. Qg4+ 1/2-1/2

[Event "EYCC 2017"]
[Site "Mamaia"]
[Date "2017.09.09"]
[Round "5"]
[White "Sargsyan, Anna M"]
[Black "Afonasieva, Anna"]
[Result "1-0"]
[ECO "B10"]
[WhiteElo "2047"]
[BlackElo "2263"]
[Annotator "NA"]
[PlyCount "68"]
[EventDate "2017.??.??"]
[EventType "swiss"]
[EventCountry "ROU"]
[SourceTitle "playchess.com"]
[Source "ChessBase"]
[SourceQuality "1"]
[TimeControl "40/5400+30:1800+30"]

1. c4 c6 2. e4 d5 3. cxd5 cxd5 4. exd5 Nf6 5. Qa4+ Nbd7 6. Nc3 g6 7. Nf3 Bg7 8. Bc4 O-O 9. d3 a6 10. Qa3 b6 11. O-O Bb7 12. Re1 Re8 13. Ng5 b5 14. Bb3 Nb6 15. d6 e6 16. Nge4 Nxe4 17. Nxe4 a5 18. Qc5 a4 19. Bg5 Qd7 20. Qxb6 Bxe4 21. dxe4 axb3 22. axb3 Be5 23. Rxa8 Rxa8 24. Be7 Rc8 25. g3 h5 26. Ra1 h4 27. gxh4 Rc6 28. Ra8+ Kh7 29. Qb8 Rxd6 30. Qg8+ Kh6 31. Bg5+ Kh5 32. Qh7+ Kg4 33. Kg2 Rd3 34. Rd8 Qxd8 1-0

[Event "EYCC 2017"]
[Site "Mamaia"]
[Date "2017.09.09"]
[Round "5"]
[White "Allahverdiyeva, Ayan"]
[Black "Nguyen, Thao Nhi"]
[Result "1-0"]
[ECO "B03"]
[WhiteElo "2042"]
[BlackElo "1747"]
[Annotator "NA"]
[PlyCount "57"]
[EventDate "2017.??.??"]
[EventType "swiss"]
[EventCountry "ROU"]
[SourceTitle "playchess.com"]
[Source "ChessBase"]
[SourceQuality "1"]
[TimeControl "40/5400+30:1800+30"]

1. e4 Nf6 2. e5 Nd5 3. d4 d6 4. c4 Nb6 5. f4 dxe5 6. fxe5 Nc6 7. Be3 Bf5 8. Nc3 e6 9. Nf3 Be7 10. d5 exd5 11. cxd5 Nb4 12. Nd4 Bd7 13. e6 fxe6 14. dxe6 Bc6 15. Qg4 Bh4+ 16. g3 O-O 17. gxh4 Bxh1 18. O-O-O Qf6 19. Be2 (19. Bh3 $11 N6d5 20. Bg5) 19... Bc6 20. Bg5 Qe5 21. e7 Rfe8 22. Nf5 h5 23. Qxb4 Qxf5 24. Bxh5 g6 25. Be2 a5 26. Qd4 Bd7 27. Rf1 Qh3 28. Rf3 Qxh2 29. Bc4+ 1-0

[Event "EYCC 2017"]
[Site "Mamaia"]
[Date "2017.09.09"]
[Round "5"]
[White "Hercog, Nusa"]
[Black "Guillo Longares, Cecilia"]
[Result "1/2-1/2"]
[ECO "A61"]
[WhiteElo "2034"]
[BlackElo "1810"]
[Annotator "NA"]
[PlyCount "86"]
[EventDate "2017.??.??"]
[EventType "swiss"]
[EventCountry "ROU"]
[SourceTitle "playchess.com"]
[Source "ChessBase"]
[SourceQuality "1"]
[TimeControl "40/5400+30:1800+30"]

1. d4 Nf6 2. c4 c5 3. d5 e6 4. Nc3 exd5 5. cxd5 d6 6. Nf3 g6 7. Qa4+ Bd7 8. Qb3 Qb6 9. e4 Na6 10. Bg5 Bg7 11. Qxb6 axb6 12. Nd2 Nb4 13. Rc1 Kd8 14. a3 Na6 15. Bd3 Kc7 16. O-O Ng4 17. h3 Ne5 18. Be2 f5 19. f4 Nf7 20. Bh4 Rae8 21. Bd3 Nh6 22. Rce1 fxe4 23. Ndxe4 Bd4+ 24. Bf2 Nf5 25. g4 Bxf2+ 26. Kxf2 Nd4 27. Kg3 Rhf8 28. Ne2 Nxe2+ 29. Rxe2 b5 30. b3 Rf7 31. Rfe1 Ref8 32. Rf1 Re8 33. Rff2 Rfe7 34. Nf6 Re3+ 35. Rxe3 Rxe3+ 36. Rf3 Re7 37. Nxd7 Kxd7 38. Bxb5+ Kd8 39. Bxa6 bxa6 40. Kh4 Ke8 41. Kg5 Kf7 42. f5 gxf5 43. Rxf5+ Kg7 1/2-1/2

[Event "EYCC 2017"]
[Site "Mamaia"]
[Date "2017.09.09"]
[Round "5"]
[White "Rogozenco, Teodora"]
[Black "Korchagina, Alena"]
[Result "0-1"]
[ECO "D21"]
[WhiteElo "2024"]
[BlackElo "2158"]
[Annotator "NA"]
[PlyCount "80"]
[EventDate "2017.??.??"]
[EventType "swiss"]
[EventCountry "ROU"]
[SourceTitle "playchess.com"]
[Source "ChessBase"]
[SourceQuality "1"]
[TimeControl "40/5400+30:1800+30"]

1. d4 d5 2. c4 dxc4 3. Nf3 a6 4. e3 Bg4 5. Bxc4 e6 6. O-O Nc6 7. a3 Nf6 8. b4 Bd6 9. Bb2 O-O 10. Nbd2 Qe7 11. Qc2 Rad8 12. e4 e5 13. d5 Nb8 14. Be2 c6 15. dxc6 Rc8 16. h3 Bxf3 17. Nxf3 Nxc6 18. Qd3 Rfd8 19. Qe3 Bb8 20. Rac1 Ba7 21. Qg5 Nxe4 22. Qxe7 Nxe7 23. Rxc8 Rxc8 24. Bd3 Ng3 25. Re1 f6 26. Bb1 Kf8 27. Nd2 Rd8 28. Bc1 g6 29. Nc4 Ne2+ 30. Kf1 Nxc1 31. Rxc1 Rc8 32. Rc2 b5 33. Nd2 Rxc2 34. Bxc2 Nf5 35. Nb3 Nd6 36. Bd3 Nc4 37. Bxc4 bxc4 38. Na5 c3 39. f3 c2 40. Nb3 Be3 0-1